Workbook

Sheet Total Cotizaciones
F2: Cotizacion 01_Sazrtech | H2: Cotizacion 02_Aiwasony | J2: Cotizacion 03_Stream NG
A3: ÍTEM | B3: DESCRIPCIÓN TÉCNICA DE LAS PARTES ELÉCTRICAS, ELECTROMECÁNICAS Y AUDIOVISUALES | C3: DESCRIPCIÓN DEL MANTENIMIENTO CORRECTIVO | D3: UNIDAD | E3: CANTIDAD | F3: VALOR UNITARIO INCLUIDO TODOS LOS IMPUESTOS A QUE HAYA LUGAR | G3: VALOR TOTAL INCLUIDO TODOS LOS IMPUESTOS A QUE HAYA LUGAR | H3: VALOR UNITARIO INCLUIDO TODOS LOS IMPUESTOS A QUE HAYA LUGAR | I3: VALOR TOTAL INCLUIDO TODOS LOS IMPUESTOS A QUE HAYA LUGAR | J3: VALOR UNITARIO INCLUIDO TODOS LOS IMPUESTOS A QUE HAYA LUGAR | K3: VALOR TOTAL INCLUIDO TODOS LOS IMPUESTOS A QUE HAYA LUGAR
A4: SEDE NACIONAL
A5: 1 | B5: VIDEO PROYECTOR EPSON PRO L1100U - MARCA EPSON | C5: Mantenimiento interno general de circuitos, verificación de soldaduras y lubricación general, cambio de lámpara, de ser necesario, (incluye suministro, instalación y limpieza de partes, verificación de impedancias y resistencias, puntos de soldadura interna en tarjetas electrónicas, verificación de conexión interna y externa) | D5: UN | E5: 1 | F5: 677000 | G5: =+E5*F5 -> 677000 | H5: 3500000 | I5: =+E5*H5 -> 3500000 | J5: 3029000 | K5: =+J5*E5 -> 3029000
A6: 2 | B6: ASCENSOR ELÉCTRICO PARA VIDEO PROYECTOR | C6: Reemplazo de las partes electromecánicas y electrónicas del ascensor de techo (Incluye desmonte y reinstalación, cambio de piezas, lubricación de piezas móviles, verificación de entradas y salidas de control remoto) | D6: UN | E6: 1 | F6: 410000 | G6: =+E6*F6 -> 410000 | H6: 650000 | I6: =+E6*H6 -> 650000 | J6: 2145000 | K6: =+J6*E6 -> 2145000
A7: 3 | B7: TELÓN ELÉCTRICO PARA VIDEOPROYECTOR DE 123 | C7: Mantenimiento preventivo y correctivo, de ser necesario, de partes electromecánicas y electrónicas del módulo de control del telón. (incluye lubricación de partes móviles, verificación de conexiones de entrada y salida de control y de potencia. Mantenimiento general de sus partes internas) | D7: UN | E7: 1 | F7: 350000 | G7: =+E7*F7 -> 350000 | H7: 350000 | I7: =+E7*H7 -> 350000 | J7: 390000 | K7: =+J7*E7 -> 390000
A8: 4 | B8: 4x4 HDMI MATRIX SWITCHER ATLONA | C8: Este dispositivo ha venido presentando fallas en su funcionamiento se requiere el suministro de una matriz para transmisión en vivo que controle hasta 4 cámaras PTZ, la referencia puede ser Feelworld L4, RGBlink Mini-Edge o Black Magic ATEM MINI PRO (incluye instalación, configuración, capacitación para el manejo del mismo y garantía). Este elemento es esencial y tiene como fin garantizar el funcionamiento ininterrumpido de las proyecciones y transmisiones en vivo de los eventos que se llevan a cabo en el auditorio. La trasmisión en vivo permite tener cobertura y acercamiento con las poblaciones a nivel nacional e internacional y dar a conocer la gestión y procesos que se desarrollan en las actividades de la Defensoria del pueblo. | D8: UN | E8: 1 | F8: 4328478 | G8: =+E8*F8 -> 4328478 | H8: 2900000 | I8: =+E8*H8 -> 2900000 | J8: 4426500 | K8: =+J8*E8 -> 4426500
A9: 5 | B9: CABINAS DE SONIDO QSC LINE ARRAY KLA12 | C9: Mantenimiento general de las cuatro (4) cabinas de sonido. (incluye desarmar, verificar impedancias, soldaduras y conexiones internas y externas y calibración de sonido). | D9: UN | E9: 4 | F9: 400000 | G9: =+E9*F9 -> 1600000 | H9: 500000 | I9: =+E9*H9 -> 2000000 | J9: 780000 | K9: =+J9*E9 -> 3120000
A10: 6 | B10: SUBWOOFER ACTIVO QSC KLA181 | C10: Mantenimiento interno general de los tres (3) subwoofer (Incluye desarmar, verificar impedancias, soldaduras y conexiones internas y externas y calibración de sonido) | D10: UN | E10: 3 | F10: 500000 | G10: =+E10*F10 -> 1500000 | H10: 450000 | I10: =+E10*H10 -> 1350000 | J10: 455000 | K10: =+J10*E10 -> 1365000
A11: 7 | B11: MIXER DIGITAL 32 CANALES PRESONUS STUDIO | C11: Mantenimiento de los componentes internos de la consola de sonido, verificación de impedancias, soldaduras internas, verificación de conexiones internas y externas. (incluye desmonte y armado, lubricación de las partes móviles y verificación de entrada y salida de potencia al igual que la configuración del sonido). | D11: UN | E11: 1 | F11: 550000 | G11: =+E11*F11 -> 550000 | H11: 1400000 | I11: =+E11*H11 -> 1400000 | J11: 1196000 | K11: =+J11*E11 -> 1196000
A12: 8 | B12: RACK PARA EQUIPOS DE SONIDO 19" 12U FRON | C12: Mantenimiento de los componentes internos del RACK de sonido, haciendo una verificación del estado de los cables y conectores de las entradas y salidas de audio, de todo el sistema. De ser requerido, cambiar conexiones, conectores, cables. Realizar verificación de impedancias, soldaduras internas, verificación de conexiones internas y externas. (incluye desmonte y armado, lubricación de las partes móviles y verificación de entrada y salida de potencia al igual que la configuración del sonido). | D12: UN | E12: 1 | F12: 1100000 | G12: =+E12*F12 -> 1100000 | H12: 1300000 | I12: =+E12*H12 -> 1300000 | J12: 1170000 | K12: =+J12*E12 -> 1170000
A13: 9 | B13: MICROFONO DINAMICO SHURE CARDIOIDE | C13: Mantenimiento preventivo de cuatro (4) micrófonos inalámbricos (Incluye desarmar, verificar impedancias, soldaduras y conexiones internas y externas y calibración de sonido) | D13: UN | E13: 4 | F13: 250000 | G13: =+E13*F13 -> 1000000 | H13: 280000 | I13: =+E13*H13 -> 1120000 | J13: 84500 | K13: =+J13*E13 -> 338000
A14: 10 | B14: MICROFONO INALAMBRICO DE SOLAPA | C14: Mantenimiento preventivo de cuatro (4) micrófonos inalámbricos de solapa (Incluye desarmar, verificar impedancias, soldaduras y conexiones internas y externas y calibración de sonido) | D14: UN | E14: 4 | F14: 250000 | G14: =+E14*F14 -> 1000000 | H14: 280000 | I14: =+E14*H14 -> 1120000 | J14: 84500 | K14: =+J14*E14 -> 338000
A15: 11 | B15: CABLES Y CONECTORES DE LAS ENTRADAS Y SALIDAS DE AUDIO Y VIDEO DE TODO EL SISTEMA | C15: Verificación del estado de los cables y conectores de las entradas y salidas de audio y video de todo el sistema. De ser requerido, cambiar conexiones, conectores, cables (marquillados e identificación). | D15: GLB | E15: 1 | F15: 980000 | G15: =+E15*F15 -> 980000 | H15: 1400000 | I15: =+E15*H15 -> 1400000 | J15: 1625000 | K15: =+J15*E15 -> 1625000
A16: 12 | B16: SISTEMA DE LUCES | C16: Revisión y corrección del sistema de reflectores y luces del auditorio. Instalación de un sistema de luces dimerizables que se puedan configurar con un CONTROLADOR DMX OBEY 70 | D16: GLB | E16: 1 | F16: 6490000 | G16: =+E16*F16 -> 6490000 | H16: 5200000 | I16: =+E16*H16 -> 5200000 | J16: 17667000 | K16: =+J16*E16 -> 17667000
A17: 13 | B17: SISTEMA DE LUCES DEL TECHO | C17: Reparación y cambio de Led´s defectuosos de las luces Led del techo (incluye además alquiler de andamios especiales para su instalación). | D17: GLB | E17: 1 | F17: 5800000 | G17: =+E17*F17 -> 5800000 | H17: 7200000 | I17: =+E17*H17 -> 7200000 | J17: 2990000 | K17: =+J17*E17 -> 2990000
A18: 14 | B18: UPS 10 KVA TRIFASICA | C18: Reparación y mantenimiento del sistema de UPS NETION 10 KVA por presentar fallas en su funcionamiento. | E18: 1 | F18: 4200000 | G18: =+E18*F18 -> 4200000 | H18: 3800000 | I18: =+E18*H18 -> 3800000 | J18: 29813427 | K18: =+J18*E18 -> 29813427
A19: 15 | B19: Cámaras PTZ | C19: Mantenimiento preventivo y reubicación de tres (3) cámaras PTZ | E19: 3 | F19: 983333 | G19: =+E19*F19 -> 2949999 | H19: 650000 | I19: =+E19*H19 -> 1950000 | J19: 559000 | K19: =+J19*E19 -> 1677000
A20: SEDE CENTRO
A21: 1 | B21: VIDEO PROYECTOR EPSON LITE PRO Z11005NL H6 - MARCA EPSON | C21: Cambio de lámpara (incluye suministro, instalación y mantenimiento general desarme, limpieza de partes, verificación de impedancias y resistencias, puntos de soldadura interna en tarjetas electrónicas, verificación de conexionado interno y externo) | D21: UN | E21: 1 | F21: 677000 | G21: =+E21*F21 -> 677000 | H21: 3500000 | I21: =+E21*H21 -> 3500000 | J21: 8015625 | K21: =+J21*E21 -> 8015625
A22: 2 | B22: VIDEO PROYECTOR EPSON LITE PRO Z11005NL H6 MARCA EPSON. VIDEO PROYECTOR EPSON POWER LITE PRO G6870 – MARCA EPSON. VIDEO PROYECTOR EPSON POWER LITE PRO G6870 – MARCA EPSON | C22: Mantenimiento de Ttres (3) video proyectores (desarme, limpieza de partes, verificación de impedancias y resistencias, puntos de soldadura internas en tarjetas electrónicas, verificación de conexionado interno y externo). | D22: UN | E22: 3 | F22: 430000 | G22: =+E22*F22 -> 1290000 | H22: 500000 | I22: =+E22*H22 -> 1500000 | J22: 3145500 | K22: =+J22*E22 -> 9436500
A23: 3 | B23: ALTAVOZ BI AMPLIFICADOR - MARCA: JBL ALTAVOZ BI-AMPLIFICADOR- MARCA: JBL RETORNO 1KW 90 ACTIVE LOUDSPEAKER – MARCA QSC RETORNO 1KW 90 ACTIVE LOUDSPEAKER – MARCA QSC RETORNO 1KW 90 ACTIVE LOUDSPEAKER – MARCA QSC RETORNO 1KW 90 ACTIVE LOUDSPEAKER – MARCA QSC | C23: Mantenimiento interno general de los seis (6) retornos, desarme, verificación de impedancias, soldaduras y conexiones internas y externas. | D23: UN | E23: 6 | F23: 380000 | G23: =+E23*F23 -> 2280000 | H23: 655000 | I23: =+E23*H23 -> 3930000 | J23: 793000 | K23: =+J23*E23 -> 4758000
A24: 4 | B24: SISTEMA DE POTENCIA JBL-VRX932LAP 12" SISTEMA DE POTENCIA JBL-VRX932LAP 12" SISTEMA DE POTENCIA JBL-VRX932LAP 12" SISTEMA DE POTENCIA JBL- VRX932LAP12" | C24: Mantenimiento interno general de las cuatro (4) torres de sonido, desarme, verificación de impedancias, soldaduras y conexiones internas y externas | D24: UN | E24: 4 | F24: 380000 | G24: =+E24*F24 -> 1520000 | H24: 800000 | I24: =+E24*H24 -> 3200000 | J24: 780000 | K24: =+J24*E24 -> 3120000
A25: 5 | B25: MEZCLADORA DIGITAL QU-32 DE 38 ENTRADAS – MARCA ALLEN & HEATH | C25: Mantenimiento de los componentes internos de la (1) consola de sonido, verificación de impedancias, soldaduras internas, verificación de conexiones internas y externas. (incluye desmonte y armado, lubricación de las partes móviles y verificación de entrada y salida de potencia). | D25: UN | E25: 1 | F25: 580000 | G25: =+E25*F25 -> 580000 | H25: 2900000 | I25: =+E25*H25 -> 2900000 | J25: 1456000 | K25: =+J25*E25 -> 1456000
A26: 6 | B26: CABLES Y CONECTORES DE LAS ENTRADAS Y SALIDAS DE AUDIO Y VIDEO DE TODO EL SISTEMA | C26: Verificación del estado de los cables y conectores de las entradas y salidas de audio y video de todo el sistema. De ser requerido, cambiar conexiones, conectores, cables (marquillados e identificación). | D26: GLB | E26: 1 | F26: 980000 | G26: =+E26*F26 -> 980000 | H26: 1450000 | I26: =+E26*H26 -> 1450000 | J26: 2145000 | K26: =+J26*E26 -> 2145000
A27: 7 | B27: SISTEMA DE CONTROL DOMÓTICO Y AUTOMATIZACIÓN – MARCA CRESTON | C27: Configuración de software y verificación de las conexiones internas de control de potencia, Modulo de control domótico CRESTRON. Incluye mantenimiento preventivo y correctivo verificación del estado de los sistemas de control de potencia conectados a los diferentes dispositivos, verificación de soldaduras, conexiones, entradas y salidas de potencia y de control (no es necesaria una licencia de software) | D27: GLB | E27: 1 | F27: 850000 | G27: =+E27*F27 -> 850000 | H27: 1700000 | I27: =+E27*H27 -> 1700000 | J27: 5850000 | K27: =+J27*E27 -> 5850000
C28: SUBTOTAL | G28: =SUM(G21:G27,G5:G19) -> 41112477 | I28: =SUM(I21:I27,I5:I19) -> 53420000 | K28: =SUM(K21:K27,K5:K19) -> 106071052
C29: IVA | G29: =G28*0.19 -> 7811370.6 | I29: =I28*0.19 -> 10149800 | K29: =K28*0.19 -> 20153500
C30: TOTAL | G30: =SUM(G28:G29) -> 48923848 | I30: =SUM(I28:I29) -> 63569800 | K30: =SUM(K28:K29) -> 1.2622455e+08

Sheet Mediana
B7: ÍTEM | C7: Cotización 01_Sazrtech | D7: Cotización 02_Aiwasony | E7: Cotización 03_Stream NG | F7: Mediana | G7: Desviación estándar | H7: Límite Inferior | I7: Límite Superior | J7: Promedio Podado
B8: SEDE NACIONAL
B9: 1 | C9: =+'Total Cotizaciones_Impuestos In'!F4 -> 805630 | D9: =+'Total Cotizaciones_Impuestos In'!H4 -> 4165000 | E9: =+'Total Cotizaciones_Impuestos In'!J4 -> 3604510 | F9: =+MEDIAN(C9:E9) -> 3604510 | G9: =+_xlfn.STDEV.P(C9:E9) -> 1469438.5 | H9: =+F9-G9 -> 2135071.5 | I9: =+F9+G9 -> 5073948.5 | J9: {=+IFERROR(MEDIAN(_xlfn._xlws.FILTER(C9:E9,(C9:E9>=H9)*(C9:E9<=I9))),"Sin datos Válidos")} -> 3884755
B10: 2 | C10: =+'Total Cotizaciones_Impuestos In'!F5 -> 487900 | D10: =+'Total Cotizaciones_Impuestos In'!H5 -> 773500 | E10: =+'Total Cotizaciones_Impuestos In'!J5 -> 2552550 | F10: =+MEDIAN(C10:E10) -> 773500 | G10: =+_xlfn.STDEV.S(C10:E10) -> 1118731.9 | H10: =+F10-G10 -> -345231.86 | I10: =+F10+G10 -> 1892231.9 | J10: {=+IFERROR(MEDIAN(_xlfn._xlws.FILTER(C10:E10,(C10:E10>=H10)*(C10:E10<=I10))),"Sin datos Válidos")} -> 630700
B11: 3 | C11: =+'Total Cotizaciones_Impuestos In'!F6 -> 416500 | D11: =+'Total Cotizaciones_Impuestos In'!H6 -> 416500 | E11: =+'Total Cotizaciones_Impuestos In'!J6 -> 464100 | F11: =+MEDIAN(C11:E11) -> 416500 | G11: =+_xlfn.STDEV.S(C11:E11) -> 27481.873 | H11: =+F11-G11 -> 389018.13 | I11: =+F11+G11 -> 443981.87 | J11: {=+IFERROR(MEDIAN(_xlfn._xlws.FILTER(C11:E11,(C11:E11>=H11)*(C11:E11<=I11))),"Sin datos Válidos")} -> 416500
B12: 4 | C12: =+'Total Cotizaciones_Impuestos In'!F7 -> 5150888.8 | D12: =+'Total Cotizaciones_Impuestos In'!H7 -> 3451000 | E12: =+'Total Cotizaciones_Impuestos In'!J7 -> 5267535 | F12: =+MEDIAN(C12:E12) -> 5150888.8 | G12: =+_xlfn.STDEV.S(C12:E12) -> 1016778.2 | H12: =+F12-G12 -> 4134110.6 | I12: =+F12+G12 -> 6167667 | J12: {=+IFERROR(MEDIAN(_xlfn._xlws.FILTER(C12:E12,(C12:E12>=H12)*(C12:E12<=I12))),"Sin datos Válidos")} -> 5209211.9
B13: 5 | C13: =+'Total Cotizaciones_Impuestos In'!F8 -> 1904000 | D13: =+'Total Cotizaciones_Impuestos In'!H8 -> 2380000 | E13: =+'Total Cotizaciones_Impuestos In'!J8 -> 3712800 | F13: =+MEDIAN(C13:E13) -> 2380000 | G13: =+_xlfn.STDEV.S(C13:E13) -> 937611.26 | H13: =+F13-G13 -> 1442388.7 | I13: =+F13+G13 -> 3317611.3 | J13: {=+IFERROR(MEDIAN(_xlfn._xlws.FILTER(C13:E13,(C13:E13>=H13)*(C13:E13<=I13))),"Sin datos Válidos")} -> 2142000
B14: 6 | C14: =+'Total Cotizaciones_Impuestos In'!F9 -> 1785000 | D14: =+'Total Cotizaciones_Impuestos In'!H9 -> 1606500 | E14: =+'Total Cotizaciones_Impuestos In'!J9 -> 1624350 | F14: =+MEDIAN(C14:E14) -> 1624350 | G14: =+_xlfn.STDEV.S(C14:E14) -> 98310.134 | H14: =+F14-G14 -> 1526039.9 | I14: =+F14+G14 -> 1722660.1 | J14: {=+IFERROR(MEDIAN(_xlfn._xlws.FILTER(C14:E14,(C14:E14>=H14)*(C14:E14<=I14))),"Sin datos Válidos")} -> 1615425
B15: 7 | C15: =+'Total Cotizaciones_Impuestos In'!F10 -> 654500 | D15: =+'Total Cotizaciones_Impuestos In'!H10 -> 1666000 | E15: =+'Total Cotizaciones_Impuestos In'!J10 -> 1423240 | F15: =+MEDIAN(C15:E15) -> 1423240 | G15: =+_xlfn.STDEV.S(C15:E15) -> 528050.8 | H15: =+F15-G15 -> 895189.2 | I15: =+F15+G15 -> 1951290.8 | J15: {=+IFERROR(MEDIAN(_xlfn._xlws.FILTER(C15:E15,(C15:E15>=H15)*(C15:E15<=I15))),"Sin datos Válidos")} -> 1544620
B16: 8 | C16: =+'Total Cotizaciones_Impuestos In'!F11 -> 1309000 | D16: =+'Total Cotizaciones_Impuestos In'!H11 -> 1547000 | E16: =+'Total Cotizaciones_Impuestos In'!J11 -> 1392300 | F16: =+MEDIAN(C16:E16) -> 1392300 | G16: =+_xlfn.STDEV.S(C16:E16) -> 120771.81 | H16: =+F16-G16 -> 1271528.2 | I16: =+F16+G16 -> 1513071.8 | J16: {=+IFERROR(MEDIAN(_xlfn._xlws.FILTER(C16:E16,(C16:E16>=H16)*(C16:E16<=I16))),"Sin datos Válidos")} -> 1350650
B17: 9 | C17: =+'Total Cotizaciones_Impuestos In'!F12 -> 1190000 | D17: =+'Total Cotizaciones_Impuestos In'!H12 -> 1332800 | E17: =+'Total Cotizaciones_Impuestos In'!J12 -> 402220 | F17: =+MEDIAN(C17:E17) -> 1190000 | G17: =+_xlfn.STDEV.S(C17:E17) -> 501160.04 | H17: =+F17-G17 -> 688839.96 | I17: =+F17+G17 -> 1691160 | J17: {=+IFERROR(MEDIAN(_xlfn._xlws.FILTER(C17:E17,(C17:E17>=H17)*(C17:E17<=I17))),"Sin datos Válidos")} -> 1261400
B18: 10 | C18: =+'Total Cotizaciones_Impuestos In'!F13 -> 1190000 | D18: =+'Total Cotizaciones_Impuestos In'!H13 -> 1332800 | E18: =+'Total Cotizaciones_Impuestos In'!J13 -> 402220 | F18: =+MEDIAN(C18:E18) -> 1190000 | G18: =+_xlfn.STDEV.S(C18:E18) -> 501160.04 | H18: =+F18-G18 -> 688839.96 | I18: =+F18+G18 -> 1691160 | J18: {=+IFERROR(MEDIAN(_xlfn._xlws.FILTER(C18:E18,(C18:E18>=H18)*(C18:E18<=I18))),"Sin datos Válidos")} -> 1261400
B19: 11 | C19: =+'Total Cotizaciones_Impuestos In'!F14 -> 1166200 | D19: =+'Total Cotizaciones_Impuestos In'!H14 -> 1666000 | E19: =+'Total Cotizaciones_Impuestos In'!J14 -> 1933750 | F19: =+MEDIAN(C19:E19) -> 1666000 | G19: =+_xlfn.STDEV.S(C19:E19) -> 389577.36 | H19: =+F19-G19 -> 1276422.6 | I19: =+F19+G19 -> 2055577.4 | J19: {=+IFERROR(MEDIAN(_xlfn._xlws.FILTER(C19:E19,(C19:E19>=H19)*(C19:E19<=I19))),"Sin datos Válidos")} -> 1799875
B20: 12 | C20: =+'Total Cotizaciones_Impuestos In'!F15 -> 7723100 | D20: =+'Total Cotizaciones_Impuestos In'!H15 -> 6188000 | E20: =+'Total Cotizaciones_Impuestos In'!J15 -> 21023730 | F20: =+MEDIAN(C20:E20) -> 7723100 | G20: =+_xlfn.STDEV.S(C20:E20) -> 8158453.4 | H20: =+F20-G20 -> -435353.44 | I20: =+F20+G20 -> 15881553 | J20: {=+IFERROR(MEDIAN(_xlfn._xlws.FILTER(C20:E20,(C20:E20>=H20)*(C20:E20<=I20))),"Sin datos Válidos")} -> 6955550
B21: 13 | C21: =+'Total Cotizaciones_Impuestos In'!F16 -> 6902000 | D21: =+'Total Cotizaciones_Impuestos In'!H16 -> 8568000 | E21: =+'Total Cotizaciones_Impuestos In'!J16 -> 3558100 | F21: =+MEDIAN(C21:E21) -> 6902000 | G21: =+_xlfn.STDEV.S(C21:E21) -> 2551350 | H21: =+F21-G21 -> 4350650 | I21: =+F21+G21 -> 9453350 | J21: {=+IFERROR(MEDIAN(_xlfn._xlws.FILTER(C21:E21,(C21:E21>=H21)*(C21:E21<=I21))),"Sin datos Válidos")} -> 7735000
... B23: 15 | C23: =+'Total Cotizaciones_Impuestos In'!F18 -> 3510498.8 | D23: =+'Total Cotizaciones_Impuestos In'!H18 -> 2320500 | E23: =+'Total Cotizaciones_Impuestos In'!J18 -> 1995630 | F23: =+MEDIAN(C23:E23) -> 2320500 | G23: =+_xlfn.STDEV.S(C23:E23) -> 797544.69 | H23: =+F23-G23 -> 1522955.3 | I23: =+F23+G23 -> 3118044.7 | J23: {=+IFERROR(MEDIAN(_xlfn._xlws.FILTER(C23:E23,(C23:E23>=H23)*(C23:E23<=I23))),"Sin datos Válidos")} -> 2158065
B24: SEDE CENTRO
B25: 1 | C25: =+'Total Cotizaciones_Impuestos In'!F20 -> 805630 | D25: =+'Total Cotizaciones_Impuestos In'!H20 -> 4165000 | E25: =+'Total Cotizaciones_Impuestos In'!J20 -> 9538593.8 | F25: =+MEDIAN(C25:E25) -> 4165000 | G25: =+_xlfn.STDEV.S(C25:E25) -> 4405026.2 | H25: =+F25-G25 -> -240026.15 | I25: =+F25+G25 -> 8570026.2 | J25: {=+IFERROR(MEDIAN(_xlfn._xlws.FILTER(C25:E25,(C25:E25>=H25)*(C25:E25<=I25))),"Sin datos Válidos")} -> 2485315
B26: 2 | C26: =+'Total Cotizaciones_Impuestos In'!F21 -> 1535100 | D26: =+'Total Cotizaciones_Impuestos In'!H21 -> 1785000 | E26: =+'Total Cotizaciones_Impuestos In'!J21 -> 11229435 | F26: =+MEDIAN(C26:E26) -> 1785000 | G26: =+_xlfn.STDEV.S(C26:E26) -> 5526299.8 | H26: =+F26-G26 -> -3741299.8 | I26: =+F26+G26 -> 7311299.8 | J26: {=+IFERROR(MEDIAN(_xlfn._xlws.FILTER(C26:E26,(C26:E26>=H26)*(C26:E26<=I26))),"Sin datos Válidos")} -> 1660050
B27: 3 | C27: =+'Total Cotizaciones_Impuestos In'!F22 -> 2713200 | D27: =+'Total Cotizaciones_Impuestos In'!H22 -> 4676700 | E27: =+'Total Cotizaciones_Impuestos In'!J22 -> 5662020 | F27: =+MEDIAN(C27:E27) -> 4676700 | G27: =+_xlfn.STDEV.S(C27:E27) -> 1501206.6 | H27: =+F27-G27 -> 3175493.4 | I27: =+F27+G27 -> 6177906.6 | J27: {=+IFERROR(MEDIAN(_xlfn._xlws.FILTER(C27:E27,(C27:E27>=H27)*(C27:E27<=I27))),"Sin datos Válidos")} -> 5169360
B28: 4 | C28: =+'Total Cotizaciones_Impuestos In'!F23 -> 1808800 | D28: =+'Total Cotizaciones_Impuestos In'!H23 -> 3808000 | E28: =+'Total Cotizaciones_Impuestos In'!J23 -> 3712800 | F28: =+MEDIAN(C28:E28) -> 3712800 | G28: =+_xlfn.STDEV.S(C28:E28) -> 1127761.8 | H28: =+F28-G28 -> 2585038.2 | I28: =+F28+G28 -> 4840561.8 | J28: {=+IFERROR(MEDIAN(_xlfn._xlws.FILTER(C28:E28,(C28:E28>=H28)*(C28:E28<=I28))),"Sin datos Válidos")} -> 3760400
B29: 5 | C29: =+'Total Cotizaciones_Impuestos In'!F24 -> 690200 | D29: =+'Total Cotizaciones_Impuestos In'!H24 -> 3451000 | E29: =+'Total Cotizaciones_Impuestos In'!J24 -> 1732640 | F29: =+MEDIAN(C29:E29) -> 1732640 | G29: =+_xlfn.STDEV.S(C29:E29) -> 1394122.1 | H29: =+F29-G29 -> 338517.88 | I29: =+F29+G29 -> 3126762.1 | J29: {=+IFERROR(MEDIAN(_xlfn._xlws.FILTER(C29:E29,(C29:E29>=H29)*(C29:E29<=I29))),"Sin datos Válidos")} -> 1211420
B30: 6 | C30: =+'Total Cotizaciones_Impuestos In'!F25 -> 1166200 | D30: =+'Total Cotizaciones_Impuestos In'!H25 -> 1725500 | E30: =+'Total Cotizaciones_Impuestos In'!J25 -> 2552550 | F30: =+MEDIAN(C30:E30) -> 1725500 | G30: =+_xlfn.STDEV.S(C30:E30) -> 697470.97 | H30: =+F30-G30 -> 1028029 | I30: =+F30+G30 -> 2422971 | J30: {=+IFERROR(MEDIAN(_xlfn._xlws.FILTER(C30:E30,(C30:E30>=H30)*(C30:E30<=I30))),"Sin datos Válidos")} -> 1445850
B31: 7 | C31: =+'Total Cotizaciones_Impuestos In'!F26 -> 1011500 | D31: =+'Total Cotizaciones_Impuestos In'!H26 -> 2023000 | E31: =+'Total Cotizaciones_Impuestos In'!J26 -> 6961500 | F31: =+MEDIAN(C31:E31) -> 2023000 | G31: =+_xlfn.STDEV.S(C31:E31) -> 3183667 | H31: =+F31-G31 -> -1160667 | I31: =+F31+G31 -> 5206667 | J31: {=+IFERROR(MEDIAN(_xlfn._xlws.FILTER(C31:E31,(C31:E31>=H31)*(C31:E31<=I31))),"Sin datos Válidos")} -> 1517250
B33: TOTAL | C33: =SUM(C25:C31,C9:C23) -> 48923848 | D33: =SUM(D25:D31,D9:D23) -> 63569800 | E33: =SUM(E25:E31,E9:E23) -> 1.2622455e+08 | I33: Total | J33: =+SUM(J25:J31,J9:J23) -> 59974797
B37: SEDE | C37: Cotización 01_Sazrtech | D37: Cotización 02_Aiwasony | E37: Cotización 03_Stream NG
B38: Nacional | C38: =+SUM(C9:C23) -> 39193218 | D38: =+SUM(D9:D23) -> 41935600 | E38: =+SUM(E9:E23) -> 84835013
B39: Centro | C39: =+SUM(C25:C31) -> 9730630 | D39: =+SUM(D25:D31) -> 21634200 | E39: =+SUM(E25:E31) -> 41389539

Sheet Media Geométrica
B7: ÍTEM | C7: Cotización 01_Sazrtech | D7: Cotización 02_Aiwasony | E7: Cotización 03_Stream NG | F7: Media Geométrica | G7: Desviación estándar | H7: Límite Inferior | I7: Límite Superior | J7: Media Geométrica Podada
B8: SEDE NACIONAL
B9: 1 | C9: =+'Total Cotizaciones_Impuestos In'!F4 -> 805630 | D9: =+'Total Cotizaciones_Impuestos In'!H4 -> 4165000 | E9: =+'Total Cotizaciones_Impuestos In'!J4 -> 3604510 | F9: =+GEOMEAN(C9:E9) -> 2295438.3 | G9: =+_xlfn.STDEV.S(C9:E9) -> 1799687.2 | H9: =+F9-G9 -> 495751.05 | I9: =+F9+G9 -> 4095125.5 | J9: {=+IFERROR(GEOMEAN(_xlfn._xlws.FILTER(C9:E9,(C9:E9>=H9)*(C9:E9<=I9))),"Sin datos Válidos")} -> 1704083.7
B10: 2 | C10: =+'Total Cotizaciones_Impuestos In'!F5 -> 487900 | D10: =+'Total Cotizaciones_Impuestos In'!H5 -> 773500 | E10: =+'Total Cotizaciones_Impuestos In'!J5 -> 2552550 | F10: =+GEOMEAN(C10:E10) -> 987616.79 | G10: =+_xlfn.STDEV.S(C10:E10) -> 1118731.9 | H10: =+F10-G10 -> -131115.07 | I10: =+F10+G10 -> 2106348.7 | J10: {=+IFERROR(GEOMEAN(_xlfn._xlws.FILTER(C10:E10,(C10:E10>=H10)*(C10:E10<=I10))),"Sin datos Válidos")} -> 614321.29
B11: 3 | C11: =+'Total Cotizaciones_Impuestos In'!F6 -> 416500 | D11: =+'Total Cotizaciones_Impuestos In'!H6 -> 416500 | E11: =+'Total Cotizaciones_Impuestos In'!J6 -> 464100 | F11: =+GEOMEAN(C11:E11) -> 431797.9 | G11: =+_xlfn.STDEV.S(C11:E11) -> 27481.873 | H11: =+F11-G11 -> 404316.03 | I11: =+F11+G11 -> 459279.77 | J11: {=+IFERROR(GEOMEAN(_xlfn._xlws.FILTER(C11:E11,(C11:E11>=H11)*(C11:E11<=I11))),"Sin datos Válidos")} -> 416500
B12: 4 | C12: =+'Total Cotizaciones_Impuestos In'!F7 -> 5150888.8 | D12: =+'Total Cotizaciones_Impuestos In'!H7 -> 3451000 | E12: =+'Total Cotizaciones_Impuestos In'!J7 -> 5267535 | F12: =+GEOMEAN(C12:E12) -> 4540930.5 | G12: =+_xlfn.STDEV.S(C12:E12) -> 1016778.2 | H12: =+F12-G12 -> 3524152.3 | I12: =+F12+G12 -> 5557708.7 | J12: {=+IFERROR(GEOMEAN(_xlfn._xlws.FILTER(C12:E12,(C12:E12>=H12)*(C12:E12<=I12))),"Sin datos Válidos")} -> 5208885.4
B13: 5 | C13: =+'Total Cotizaciones_Impuestos In'!F8 -> 1904000 | D13: =+'Total Cotizaciones_Impuestos In'!H8 -> 2380000 | E13: =+'Total Cotizaciones_Impuestos In'!J8 -> 3712800 | F13: =+GEOMEAN(C13:E13) -> 2562409.2 | G13: =+_xlfn.STDEV.S(C13:E13) -> 937611.26 | H13: =+F13-G13 -> 1624797.9 | I13: =+F13+G13 -> 3500020.5 | J13: {=+IFERROR(GEOMEAN(_xlfn._xlws.FILTER(C13:E13,(C13:E13>=H13)*(C13:E13<=I13))),"Sin datos Válidos")} -> 2128736.7
B14: 6 | C14: =+'Total Cotizaciones_Impuestos In'!F9 -> 1785000 | D14: =+'Total Cotizaciones_Impuestos In'!H9 -> 1606500 | E14: =+'Total Cotizaciones_Impuestos In'!J9 -> 1624350 | F14: =+GEOMEAN(C14:E14) -> 1670063 | G14: =+_xlfn.STDEV.S(C14:E14) -> 98310.134 | H14: =+F14-G14 -> 1571752.9 | I14: =+F14+G14 -> 1768373.1 | J14: {=+IFERROR(GEOMEAN(_xlfn._xlws.FILTER(C14:E14,(C14:E14>=H14)*(C14:E14<=I14))),"Sin datos Válidos")} -> 1615400.3
B15: 7 | C15: =+'Total Cotizaciones_Impuestos In'!F10 -> 654500 | D15: =+'Total Cotizaciones_Impuestos In'!H10 -> 1666000 | E15: =+'Total Cotizaciones_Impuestos In'!J10 -> 1423240 | F15: =+GEOMEAN(C15:E15) -> 1157766.4 | G15: =+_xlfn.STDEV.S(C15:E15) -> 528050.8 | H15: =+F15-G15 -> 629715.57 | I15: =+F15+G15 -> 1685817.2 | J15: {=+IFERROR(GEOMEAN(_xlfn._xlws.FILTER(C15:E15,(C15:E15>=H15)*(C15:E15<=I15))),"Sin datos Válidos")} -> 1157766.4
B16: 8 | C16: =+'Total Cotizaciones_Impuestos In'!F11 -> 1309000 | D16: =+'Total Cotizaciones_Impuestos In'!H11 -> 1547000 | E16: =+'Total Cotizaciones_Impuestos In'!J11 -> 1392300 | F16: =+GEOMEAN(C16:E16) -> 1412714 | G16: =+_xlfn.STDEV.S(C16:E16) -> 120771.81 | H16: =+F16-G16 -> 1291942.2 | I16: =+F16+G16 -> 1533485.8 | J16: {=+IFERROR(GEOMEAN(_xlfn._xlws.FILTER(C16:E16,(C16:E16>=H16)*(C16:E16<=I16))),"Sin datos Válidos")} -> 1350007.7
B17: 9 | C17: =+'Total Cotizaciones_Impuestos In'!F12 -> 1190000 | D17: =+'Total Cotizaciones_Impuestos In'!H12 -> 1332800 | E17: =+'Total Cotizaciones_Impuestos In'!J12 -> 402220 | F17: =+GEOMEAN(C17:E17) -> 860845.48 | G17: =+_xlfn.STDEV.S(C17:E17) -> 501160.04 | H17: =+F17-G17 -> 359685.44 | I17: =+F17+G17 -> 1362005.5 | J17: {=+IFERROR(GEOMEAN(_xlfn._xlws.FILTER(C17:E17,(C17:E17>=H17)*(C17:E17<=I17))),"Sin datos Válidos")} -> 860845.48
B18: 10 | C18: =+'Total Cotizaciones_Impuestos In'!F13 -> 1190000 | D18: =+'Total Cotizaciones_Impuestos In'!H13 -> 1332800 | E18: =+'Total Cotizaciones_Impuestos In'!J13 -> 402220 | F18: =+GEOMEAN(C18:E18) -> 860845.48 | G18: =+_xlfn.STDEV.S(C18:E18) -> 501160.04 | H18: =+F18-G18 -> 359685.44 | I18: =+F18+G18 -> 1362005.5 | J18: {=+IFERROR(GEOMEAN(_xlfn._xlws.FILTER(C18:E18,(C18:E18>=H18)*(C18:E18<=I18))),"Sin datos Válidos")} -> 860845.48
B19: 11 | C19: =+'Total Cotizaciones_Impuestos In'!F14 -> 1166200 | D19: =+'Total Cotizaciones_Impuestos In'!H14 -> 1666000 | E19: =+'Total Cotizaciones_Impuestos In'!J14 -> 1933750 | F19: =+GEOMEAN(C19:E19) -> 1554590.9 | G19: =+_xlfn.STDEV.S(C19:E19) -> 389577.36 | H19: =+F19-G19 -> 1165013.5 | I19: =+F19+G19 -> 1944168.3 | J19: {=+IFERROR(GEOMEAN(_xlfn._xlws.FILTER(C19:E19,(C19:E19>=H19)*(C19:E19<=I19))),"Sin datos Válidos")} -> 1554590.9
B20: 12 | C20: =+'Total Cotizaciones_Impuestos In'!F15 -> 7723100 | D20: =+'Total Cotizaciones_Impuestos In'!H15 -> 6188000 | E20: =+'Total Cotizaciones_Impuestos In'!J15 -> 21023730 | F20: =+GEOMEAN(C20:E20) -> 10015760 | G20: =+_xlfn.STDEV.S(C20:E20) -> 8158453.4 | H20: =+F20-G20 -> 1857306.6 | I20: =+F20+G20 -> 18174213 | J20: {=+IFERROR(GEOMEAN(_xlfn._xlws.FILTER(C20:E20,(C20:E20>=H20)*(C20:E20<=I20))),"Sin datos Válidos")} -> 6913070.4
... B23: 15 | C23: =+'Total Cotizaciones_Impuestos In'!F18 -> 3510498.8 | D23: =+'Total Cotizaciones_Impuestos In'!H18 -> 2320500 | E23: =+'Total Cotizaciones_Impuestos In'!J18 -> 1995630 | F23: =+GEOMEAN(C23:E23) -> 2533242.8 | G23: =+_xlfn.STDEV.S(C23:E23) -> 797544.69 | H23: =+F23-G23 -> 1735698.1 | I23: =+F23+G23 -> 3330787.4 | J23: {=+IFERROR(GEOMEAN(_xlfn._xlws.FILTER(C23:E23,(C23:E23>=H23)*(C23:E23<=I23))),"Sin datos Válidos")} -> 2151943.2
B24: SEDE CENTRO
B25: 1 | C25: =+'Total Cotizaciones_Impuestos In'!F20 -> 805630 | D25: =+'Total Cotizaciones_Impuestos In'!H20 -> 4165000 | E25: =+'Total Cotizaciones_Impuestos In'!J20 -> 9538593.8 | F25: =+GEOMEAN(C25:E25) -> 3175009.3 | G25: =+_xlfn.STDEV.S(C25:E25) -> 4405026.2 | H25: =+F25-G25 -> -1230016.9 | I25: =+F25+G25 -> 7580035.4 | J25: {=+IFERROR(GEOMEAN(_xlfn._xlws.FILTER(C25:E25,(C25:E25>=H25)*(C25:E25<=I25))),"Sin datos Válidos")} -> 1831788.5
B26: 2 | C26: =+'Total Cotizaciones_Impuestos In'!F21 -> 1535100 | D26: =+'Total Cotizaciones_Impuestos In'!H21 -> 1785000 | E26: =+'Total Cotizaciones_Impuestos In'!J21 -> 11229435 | F26: =+GEOMEAN(C26:E26) -> 3133605.1 | G26: =+_xlfn.STDEV.S(C26:E26) -> 5526299.8 | H26: =+F26-G26 -> -2392694.6 | I26: =+F26+G26 -> 8659904.9 | J26: {=+IFERROR(GEOMEAN(_xlfn._xlws.FILTER(C26:E26,(C26:E26>=H26)*(C26:E26<=I26))),"Sin datos Válidos")} -> 1655340.9
B27: 3 | C27: =+'Total Cotizaciones_Impuestos In'!F22 -> 2713200 | D27: =+'Total Cotizaciones_Impuestos In'!H22 -> 4676700 | E27: =+'Total Cotizaciones_Impuestos In'!J22 -> 5662020 | F27: =+GEOMEAN(C27:E27) -> 4157168 | G27: =+_xlfn.STDEV.S(C27:E27) -> 1501206.6 | H27: =+F27-G27 -> 2655961.4 | I27: =+F27+G27 -> 5658374.6 | J27: {=+IFERROR(GEOMEAN(_xlfn._xlws.FILTER(C27:E27,(C27:E27>=H27)*(C27:E27<=I27))),"Sin datos Válidos")} -> 3562137.3
B28: 4 | C28: =+'Total Cotizaciones_Impuestos In'!F23 -> 1808800 | D28: =+'Total Cotizaciones_Impuestos In'!H23 -> 3808000 | E28: =+'Total Cotizaciones_Impuestos In'!J23 -> 3712800 | F28: =+GEOMEAN(C28:E28) -> 2946205.4 | G28: =+_xlfn.STDEV.S(C28:E28) -> 1127761.8 | H28: =+F28-G28 -> 1818443.6 | I28: =+F28+G28 -> 4073967.1 | J28: {=+IFERROR(GEOMEAN(_xlfn._xlws.FILTER(C28:E28,(C28:E28>=H28)*(C28:E28<=I28))),"Sin datos Válidos")} -> 3760098.7
B29: 5 | C29: =+'Total Cotizaciones_Impuestos In'!F24 -> 690200 | D29: =+'Total Cotizaciones_Impuestos In'!H24 -> 3451000 | E29: =+'Total Cotizaciones_Impuestos In'!J24 -> 1732640 | F29: =+GEOMEAN(C29:E29) -> 1604018.7 | G29: =+_xlfn.STDEV.S(C29:E29) -> 1394122.1 | H29: =+F29-G29 -> 209896.54 | I29: =+F29+G29 -> 2998140.8 | J29: {=+IFERROR(GEOMEAN(_xlfn._xlws.FILTER(C29:E29,(C29:E29>=H29)*(C29:E29<=I29))),"Sin datos Válidos")} -> 1093557.6
B30: 6 | C30: =+'Total Cotizaciones_Impuestos In'!F25 -> 1166200 | D30: =+'Total Cotizaciones_Impuestos In'!H25 -> 1725500 | E30: =+'Total Cotizaciones_Impuestos In'!J25 -> 2552550 | F30: =+GEOMEAN(C30:E30) -> 1725390.6 | G30: =+_xlfn.STDEV.S(C30:E30) -> 697470.97 | H30: =+F30-G30 -> 1027919.6 | I30: =+F30+G30 -> 2422861.5 | J30: {=+IFERROR(GEOMEAN(_xlfn._xlws.FILTER(C30:E30,(C30:E30>=H30)*(C30:E30<=I30))),"Sin datos Válidos")} -> 1418547.9
B31: 7 | C31: =+'Total Cotizaciones_Impuestos In'!F26 -> 1011500 | D31: =+'Total Cotizaciones_Impuestos In'!H26 -> 2023000 | E31: =+'Total Cotizaciones_Impuestos In'!J26 -> 6961500 | F31: =+GEOMEAN(C31:E31) -> 2424124.2 | G31: =+_xlfn.STDEV.S(C31:E31) -> 3183667 | H31: =+F31-G31 -> -759542.84 | I31: =+F31+G31 -> 5607791.2 | J31: {=+IFERROR(GEOMEAN(_xlfn._xlws.FILTER(C31:E31,(C31:E31>=H31)*(C31:E31<=I31))),"Sin datos Válidos")} -> 1430477
B33: SUBTOTAL | C33: =SUM(C25:C31,C9:C23) -> 48923848 | D33: =SUM(D25:D31,D9:D23) -> 63569800 | E33: =SUM(E25:E31,E9:E23) -> 1.2622455e+08 | I33: Total | J33: =+SUM(J25:J31,J9:J23) -> 50998595
B37: SEDE | C37: Cotización 01_Sazrtech | D37: Cotización 02_Aiwasony | E37: Cotización 03_Stream NG
B38: Nacional | C38: =+SUM(C9:C23) -> 39193218 | D38: =+SUM(D9:D23) -> 41935600 | E38: =+SUM(E9:E23) -> 84835013
B39: Centro | C39: =+SUM(C25:C31) -> 9730630 | D39: =+SUM(D25:D31) -> 21634200 | E39: =+SUM(E25:E31) -> 41389539

Sheet Promedio
B7: ÍTEM | C7: Cotización 01_Sazrtech | D7: Cotización 02_Aiwasony | E7: Cotización 03_Stream NG | F7: Promedio | G7: Desviación estándar | H7: Límite Inferior | I7: Límite Superior | J7: Promedio Podado
B8: SEDE NACIONAL
B9: 1 | C9: =+'Total Cotizaciones_Impuestos In'!F4 -> 805630 | D9: =+'Total Cotizaciones_Impuestos In'!H4 -> 4165000 | E9: =+'Total Cotizaciones_Impuestos In'!J4 -> 3604510 | F9: =+AVERAGE(C9:E9) -> 2858380 | G9: =+_xlfn.STDEV.S(C9:E9) -> 1799687.2 | H9: =+F9-G9 -> 1058692.8 | I9: =+F9+G9 -> 4658067.2 | J9: =+AVERAGEIFS(C9:E9,C9:E9,">="&H9,C9:E9,"<="&I9) -> 3884755
B10: 2 | C10: =+'Total Cotizaciones_Impuestos In'!F5 -> 487900 | D10: =+'Total Cotizaciones_Impuestos In'!H5 -> 773500 | E10: =+'Total Cotizaciones_Impuestos In'!J5 -> 2552550 | F10: =+AVERAGE(C10:E10) -> 1271316.7 | G10: =+_xlfn.STDEV.S(C10:E10) -> 1118731.9 | H10: =+F10-G10 -> 152584.8 | I10: =+F10+G10 -> 2390048.5 | J10: =+AVERAGEIFS(C10:E10,C10:E10,">="&H10,C10:E10,"<="&I10) -> 630700
B11: 3 | C11: =+'Total Cotizaciones_Impuestos In'!F6 -> 416500 | D11: =+'Total Cotizaciones_Impuestos In'!H6 -> 416500 | E11: =+'Total Cotizaciones_Impuestos In'!J6 -> 464100 | F11: =+AVERAGE(C11:E11) -> 432366.67 | G11: =+_xlfn.STDEV.S(C11:E11) -> 27481.873 | H11: =+F11-G11 -> 404884.79 | I11: =+F11+G11 -> 459848.54 | J11: =+AVERAGEIFS(C11:E11,C11:E11,">="&H11,C11:E11,"<="&I11) -> 416500
B12: 4 | C12: =+'Total Cotizaciones_Impuestos In'!F7 -> 5150888.8 | D12: =+'Total Cotizaciones_Impuestos In'!H7 -> 3451000 | E12: =+'Total Cotizaciones_Impuestos In'!J7 -> 5267535 | F12: =+AVERAGE(C12:E12) -> 4623141.3 | G12: =+_xlfn.STDEV.S(C12:E12) -> 1016778.2 | H12: =+F12-G12 -> 3606363 | I12: =+F12+G12 -> 5639919.5 | J12: =+AVERAGEIFS(C12:E12,C12:E12,">="&H12,C12:E12,"<="&I12) -> 5209211.9
B13: 5 | C13: =+'Total Cotizaciones_Impuestos In'!F8 -> 1904000 | D13: =+'Total Cotizaciones_Impuestos In'!H8 -> 2380000 | E13: =+'Total Cotizaciones_Impuestos In'!J8 -> 3712800 | F13: =+AVERAGE(C13:E13) -> 2665600 | G13: =+_xlfn.STDEV.S(C13:E13) -> 937611.26 | H13: =+F13-G13 -> 1727988.7 | I13: =+F13+G13 -> 3603211.3 | J13: =+AVERAGEIFS(C13:E13,C13:E13,">="&H13,C13:E13,"<="&I13) -> 2142000
B14: 6 | C14: =+'Total Cotizaciones_Impuestos In'!F9 -> 1785000 | D14: =+'Total Cotizaciones_Impuestos In'!H9 -> 1606500 | E14: =+'Total Cotizaciones_Impuestos In'!J9 -> 1624350 | F14: =+AVERAGE(C14:E14) -> 1671950 | G14: =+_xlfn.STDEV.S(C14:E14) -> 98310.134 | H14: =+F14-G14 -> 1573639.9 | I14: =+F14+G14 -> 1770260.1 | J14: =+AVERAGEIFS(C14:E14,C14:E14,">="&H14,C14:E14,"<="&I14) -> 1615425
B15: 7 | C15: =+'Total Cotizaciones_Impuestos In'!F10 -> 654500 | D15: =+'Total Cotizaciones_Impuestos In'!H10 -> 1666000 | E15: =+'Total Cotizaciones_Impuestos In'!J10 -> 1423240 | F15: =+AVERAGE(C15:E15) -> 1247913.3 | G15: =+_xlfn.STDEV.S(C15:E15) -> 528050.8 | H15: =+F15-G15 -> 719862.54 | I15: =+F15+G15 -> 1775964.1 | J15: =+AVERAGEIFS(C15:E15,C15:E15,">="&H15,C15:E15,"<="&I15) -> 1544620
B16: 8 | C16: =+'Total Cotizaciones_Impuestos In'!F11 -> 1309000 | D16: =+'Total Cotizaciones_Impuestos In'!H11 -> 1547000 | E16: =+'Total Cotizaciones_Impuestos In'!J11 -> 1392300 | F16: =+AVERAGE(C16:E16) -> 1416100 | G16: =+_xlfn.STDEV.S(C16:E16) -> 120771.81 | H16: =+F16-G16 -> 1295328.2 | I16: =+F16+G16 -> 1536871.8 | J16: =+AVERAGEIFS(C16:E16,C16:E16,">="&H16,C16:E16,"<="&I16) -> 1350650
B17: 9 | C17: =+'Total Cotizaciones_Impuestos In'!F12 -> 1190000 | D17: =+'Total Cotizaciones_Impuestos In'!H12 -> 1332800 | E17: =+'Total Cotizaciones_Impuestos In'!J12 -> 402220 | F17: =+AVERAGE(C17:E17) -> 975006.67 | G17: =+_xlfn.STDEV.S(C17:E17) -> 501160.04 | H17: =+F17-G17 -> 473846.63 | I17: =+F17+G17 -> 1476166.7 | J17: =+AVERAGEIFS(C17:E17,C17:E17,">="&H17,C17:E17,"<="&I17) -> 1261400
B18: 10 | C18: =+'Total Cotizaciones_Impuestos In'!F13 -> 1190000 | D18: =+'Total Cotizaciones_Impuestos In'!H13 -> 1332800 | E18: =+'Total Cotizaciones_Impuestos In'!J13 -> 402220 | F18: =+AVERAGE(C18:E18) -> 975006.67 | G18: =+_xlfn.STDEV.S(C18:E18) -> 501160.04 | H18: =+F18-G18 -> 473846.63 | I18: =+F18+G18 -> 1476166.7 | J18: =+AVERAGEIFS(C18:E18,C18:E18,">="&H18,C18:E18,"<="&I18) -> 1261400
B19: 11 | C19: =+'Total Cotizaciones_Impuestos In'!F14 -> 1166200 | D19: =+'Total Cotizaciones_Impuestos In'!H14 -> 1666000 | E19: =+'Total Cotizaciones_Impuestos In'!J14 -> 1933750 | F19: =+AVERAGE(C19:E19) -> 1588650 | G19: =+_xlfn.STDEV.S(C19:E19) -> 389577.36 | H19: =+F19-G19 -> 1199072.6 | I19: =+F19+G19 -> 1978227.4 | J19: =+AVERAGEIFS(C19:E19,C19:E19,">="&H19,C19:E19,"<="&I19) -> 1799875
B20: 12 | C20: =+'Total Cotizaciones_Impuestos In'!F15 -> 7723100 | D20: =+'Total Cotizaciones_Impuestos In'!H15 -> 6188000 | E20: =+'Total Cotizaciones_Impuestos In'!J15 -> 21023730 | F20: =+AVERAGE(C20:E20) -> 11644943 | G20: =+_xlfn.STDEV.S(C20:E20) -> 8158453.4 | H20: =+F20-G20 -> 3486489.9 | I20: =+F20+G20 -> 19803397 | J20: =+AVERAGEIFS(C20:E20,C20:E20,">="&H20,C20:E20,"<="&I20) -> 6955550
... B23: 15 | C23: =+'Total Cotizaciones_Impuestos In'!F18 -> 3510498.8 | D23: =+'Total Cotizaciones_Impuestos In'!H18 -> 2320500 | E23: =+'Total Cotizaciones_Impuestos In'!J18 -> 1995630 | F23: =+AVERAGE(C23:E23) -> 2608876.3 | G23: =+_xlfn.STDEV.S(C23:E23) -> 797544.69 | H23: =+F23-G23 -> 1811331.6 | I23: =+F23+G23 -> 3406421 | J23: =+AVERAGEIFS(C23:E23,C23:E23,">="&H23,C23:E23,"<="&I23) -> 2158065
B24: SEDE CENTRO
B25: 1 | C25: =+'Total Cotizaciones_Impuestos In'!F20 -> 805630 | D25: =+'Total Cotizaciones_Impuestos In'!H20 -> 4165000 | E25: =+'Total Cotizaciones_Impuestos In'!J20 -> 9538593.8 | F25: =+AVERAGE(C25:E25) -> 4836407.9 | G25: =+_xlfn.STDEV.S(C25:E25) -> 4405026.2 | H25: =+F25-G25 -> 431381.76 | I25: =+F25+G25 -> 9241434.1 | J25: =+AVERAGEIFS(C25:E25,C25:E25,">="&H25,C25:E25,"<="&I25) -> 2485315
B26: 2 | C26: =+'Total Cotizaciones_Impuestos In'!F21 -> 1535100 | D26: =+'Total Cotizaciones_Impuestos In'!H21 -> 1785000 | E26: =+'Total Cotizaciones_Impuestos In'!J21 -> 11229435 | F26: =+AVERAGE(C26:E26) -> 4849845 | G26: =+_xlfn.STDEV.S(C26:E26) -> 5526299.8 | H26: =+F26-G26 -> -676454.75 | I26: =+F26+G26 -> 10376145 | J26: =+AVERAGEIFS(C26:E26,C26:E26,">="&H26,C26:E26,"<="&I26) -> 1660050
B27: 3 | C27: =+'Total Cotizaciones_Impuestos In'!F22 -> 2713200 | D27: =+'Total Cotizaciones_Impuestos In'!H22 -> 4676700 | E27: =+'Total Cotizaciones_Impuestos In'!J22 -> 5662020 | F27: =+AVERAGE(C27:E27) -> 4350640 | G27: =+_xlfn.STDEV.S(C27:E27) -> 1501206.6 | H27: =+F27-G27 -> 2849433.4 | I27: =+F27+G27 -> 5851846.6 | J27: =+AVERAGEIFS(C27:E27,C27:E27,">="&H27,C27:E27,"<="&I27) -> 5169360
B28: 4 | C28: =+'Total Cotizaciones_Impuestos In'!F23 -> 1808800 | D28: =+'Total Cotizaciones_Impuestos In'!H23 -> 3808000 | E28: =+'Total Cotizaciones_Impuestos In'!J23 -> 3712800 | F28: =+AVERAGE(C28:E28) -> 3109866.7 | G28: =+_xlfn.STDEV.S(C28:E28) -> 1127761.8 | H28: =+F28-G28 -> 1982104.9 | I28: =+F28+G28 -> 4237628.4 | J28: =+AVERAGEIFS(C28:E28,C28:E28,">="&H28,C28:E28,"<="&I28) -> 3760400
B29: 5 | C29: =+'Total Cotizaciones_Impuestos In'!F24 -> 690200 | D29: =+'Total Cotizaciones_Impuestos In'!H24 -> 3451000 | E29: =+'Total Cotizaciones_Impuestos In'!J24 -> 1732640 | F29: =+AVERAGE(C29:E29) -> 1957946.7 | G29: =+_xlfn.STDEV.S(C29:E29) -> 1394122.1 | H29: =+F29-G29 -> 563824.55 | I29: =+F29+G29 -> 3352068.8 | J29: =+AVERAGEIFS(C29:E29,C29:E29,">="&H29,C29:E29,"<="&I29) -> 1211420
B30: 6 | C30: =+'Total Cotizaciones_Impuestos In'!F25 -> 1166200 | D30: =+'Total Cotizaciones_Impuestos In'!H25 -> 1725500 | E30: =+'Total Cotizaciones_Impuestos In'!J25 -> 2552550 | F30: =+AVERAGE(C30:E30) -> 1814750 | G30: =+_xlfn.STDEV.S(C30:E30) -> 697470.97 | H30: =+F30-G30 -> 1117279 | I30: =+F30+G30 -> 2512221 | J30: =+AVERAGEIFS(C30:E30,C30:E30,">="&H30,C30:E30,"<="&I30) -> 1445850
B31: 7 | C31: =+'Total Cotizaciones_Impuestos In'!F26 -> 1011500 | D31: =+'Total Cotizaciones_Impuestos In'!H26 -> 2023000 | E31: =+'Total Cotizaciones_Impuestos In'!J26 -> 6961500 | F31: =+AVERAGE(C31:E31) -> 3332000 | G31: =+_xlfn.STDEV.S(C31:E31) -> 3183667 | H31: =+F31-G31 -> 148332.97 | I31: =+F31+G31 -> 6515667 | J31: =+AVERAGEIFS(C31:E31,C31:E31,">="&H31,C31:E31,"<="&I31) -> 1517250
B33: SUBTOTAL | C33: =SUM(C25:C31,C9:C23) -> 48923848 | D33: =SUM(D25:D31,D9:D23) -> 63569800 | E33: =SUM(E25:E31,E9:E23) -> 1.2622455e+08 | I33: Total | J33: =+SUM(J25:J31,J9:J23) -> 59974797
B37: SEDE | C37: Cotización 01_Sazrtech | D37: Cotización 02_Aiwasony | E37: Cotización 03_Stream NG
B38: Nacional | C38: =+SUM(C9:C23) -> 39193218 | D38: =+SUM(D9:D23) -> 41935600 | E38: =+SUM(E9:E23) -> 84835013
B39: Centro | C39: =+SUM(C25:C31) -> 9730630 | D39: =+SUM(D25:D31) -> 21634200 | E39: =+SUM(E25:E31) -> 41389539

Sheet Estimación del Presupuesto
A2: DESRIPCIÓN | B2: Mediana | C2: Promedio | D2: Media Geométrica
A3: TOTAL | B3: =+Mediana!J33 -> 59974797 | C3: =+Promedio!J33 -> 59974797 | D3: =+'Media Geométrica'!J33 -> 50998595

Sheet Total Cotizaciones_Impuestos In
E1: Cotizacion 01_Sazrtech | G1: Cotizacion 02_Aiwasony | I1: Cotizacion 03_Stream NG
A2: ÍTEM | B2: DESCRIPCIÓN TÉCNICA DE LAS PARTES ELÉCTRICAS, ELECTROMECÁNICAS Y AUDIOVISUALES | C2: DESCRIPCIÓN DEL MANTENIMIENTO CORRECTIVO | D2: CANTIDAD | E2: VALOR UNITARIO IMPUESTOS INCLUIDOS | F2: VALOR TOTAL IMPUESTOS INCLUIDOS | G2: VALOR UNITARIO IMPUESTOS INCLUIDOS | H2: VALOR TOTAL IMPUESTOS INCLUIDOS | I2: VALOR UNITARIO IMPUESTOS INCLUIDOS | J2: VALOR TOTAL IMPUESTOS INCLUIDOS
A3: SEDE NACIONAL
A4: 1 | B4: VIDEO PROYECTOR EPSON PRO L1100U - MARCA EPSON | C4: Mantenimiento interno general de circuitos, verificación de soldaduras y lubricación general, cambio de lámpara, de ser necesario, (incluye suministro, instalación y limpieza de partes, verificación de impedancias y resistencias, puntos de soldadura interna en tarjetas electrónicas, verificación de conexión interna y externa) | D4: 1 | E4: =677000*1.19 -> 805630 | F4: =+D4*E4 -> 805630 | G4: 4165000 | H4: =+D4*G4 -> 4165000 | I4: 3604510 | J4: =+I4*D4 -> 3604510
A5: 2 | B5: ASCENSOR ELÉCTRICO PARA VIDEO PROYECTOR | C5: Reemplazo de las partes electromecánicas y electrónicas del ascensor de techo (Incluye desmonte y reinstalación, cambio de piezas, lubricación de piezas móviles, verificación de entradas y salidas de control remoto) | D5: 1 | E5: =410000*1.19 -> 487900 | F5: =+D5*E5 -> 487900 | G5: 773500 | H5: =+D5*G5 -> 773500 | I5: 2552550 | J5: =+I5*D5 -> 2552550
A6: 3 | B6: TELÓN ELÉCTRICO PARA VIDEOPROYECTOR DE 123 | C6: Mantenimiento preventivo y correctivo, de ser necesario, de partes electromecánicas y electrónicas del módulo de control del telón. (incluye lubricación de partes móviles, verificación de conexiones de entrada y salida de control y de potencia. Mantenimiento general de sus partes internas) | D6: 1 | E6: =350000*1.19 -> 416500 | F6: =+D6*E6 -> 416500 | G6: 416500 | H6: =+D6*G6 -> 416500 | I6: 464100 | J6: =+I6*D6 -> 464100
A7: 4 | B7: 4x4 HDMI MATRIX SWITCHER ATLONA | C7: Este dispositivo ha venido presentando fallas en su funcionamiento se requiere el suministro de una matriz para transmisión en vivo que controle hasta 4 cámaras PTZ, la referencia puede ser Feelworld L4, RGBlink Mini-Edge o Black Magic ATEM MINI PRO (incluye instalación, configuración, capacitación para el manejo del mismo y garantía). Este elemento es esencial y tiene como fin garantizar el funcionamiento ininterrumpido de las proyecciones y transmisiones en vivo de los eventos que se llevan a cabo en el auditorio. La trasmisión en vivo permite tener cobertura y acercamiento con las poblaciones a nivel nacional e internacional y dar a conocer la gestión y procesos que se desarrollan en las actividades de la Defensoria del pueblo. | D7: 1 | E7: =4328478*1.19 -> 5150888.8 | F7: =+D7*E7 -> 5150888.8 | G7: 3451000 | H7: =+D7*G7 -> 3451000 | I7: 5267535 | J7: =+I7*D7 -> 5267535
A8: 5 | B8: CABINAS DE SONIDO QSC LINE ARRAY KLA12 | C8: Mantenimiento general de las cuatro (4) cabinas de sonido. (incluye desarmar, verificar impedancias, soldaduras y conexiones internas y externas y calibración de sonido). | D8: 4 | E8: =400000*1.19 -> 476000 | F8: =+D8*E8 -> 1904000 | G8: 595000 | H8: =+D8*G8 -> 2380000 | I8: 928200 | J8: =+I8*D8 -> 3712800
A9: 6 | B9: SUBWOOFER ACTIVO QSC KLA181 | C9: Mantenimiento interno general de los tres (3) subwoofer (Incluye desarmar, verificar impedancias, soldaduras y conexiones internas y externas y calibración de sonido) | D9: 3 | E9: =500000*1.19 -> 595000 | F9: =+D9*E9 -> 1785000 | G9: 535500 | H9: =+D9*G9 -> 1606500 | I9: 541450 | J9: =+I9*D9 -> 1624350
A10: 7 | B10: MIXER DIGITAL 32 CANALES PRESONUS STUDIO | C10: Mantenimiento de los componentes internos de la consola de sonido, verificación de impedancias, soldaduras internas, verificación de conexiones internas y externas. (incluye desmonte y armado, lubricación de las partes móviles y verificación de entrada y salida de potencia al igual que la configuración del sonido). | D10: 1 | E10: =550000*1.19 -> 654500 | F10: =+D10*E10 -> 654500 | G10: 1666000 | H10: =+D10*G10 -> 1666000 | I10: 1423240 | J10: =+I10*D10 -> 1423240
A11: 8 | B11: RACK PARA EQUIPOS DE SONIDO 19" 12U FRON | C11: Mantenimiento de los componentes internos del RACK de sonido, haciendo una verificación del estado de los cables y conectores de las entradas y salidas de audio, de todo el sistema. De ser requerido, cambiar conexiones, conectores, cables. Realizar verificación de impedancias, soldaduras internas, verificación de conexiones internas y externas. (incluye desmonte y armado, lubricación de las partes móviles y verificación de entrada y salida de potencia al igual que la configuración del sonido). | D11: 1 | E11: =1100000*1.19 -> 1309000 | F11: =+D11*E11 -> 1309000 | G11: 1547000 | H11: =+D11*G11 -> 1547000 | I11: 1392300 | J11: =+I11*D11 -> 1392300
A12: 9 | B12: MICROFONO DINAMICO SHURE CARDIOIDE | C12: Mantenimiento preventivo de cuatro (4) micrófonos inalámbricos (Incluye desarmar, verificar impedancias, soldaduras y conexiones internas y externas y calibración de sonido) | D12: 4 | E12: =250000*1.19 -> 297500 | F12: =+D12*E12 -> 1190000 | G12: 333200 | H12: =+D12*G12 -> 1332800 | I12: 100555 | J12: =+I12*D12 -> 402220
A13: 10 | B13: MICROFONO INALAMBRICO DE SOLAPA | C13: Mantenimiento preventivo de cuatro (4) micrófonos inalámbricos de solapa (Incluye desarmar, verificar impedancias, soldaduras y conexiones internas y externas y calibración de sonido) | D13: 4 | E13: =250000*1.19 -> 297500 | F13: =+D13*E13 -> 1190000 | G13: 333200 | H13: =+D13*G13 -> 1332800 | I13: 100555 | J13: =+I13*D13 -> 402220
A14: 11 | B14: CABLES Y CONECTORES DE LAS ENTRADAS Y SALIDAS DE AUDIO Y VIDEO DE TODO EL SISTEMA | C14: Verificación del estado de los cables y conectores de las entradas y salidas de audio y video de todo el sistema. De ser requerido, cambiar conexiones, conectores, cables (marquillados e identificación). | D14: 1 | E14: =980000*1.19 -> 1166200 | F14: =+D14*E14 -> 1166200 | G14: 1666000 | H14: =+D14*G14 -> 1666000 | I14: 1933750 | J14: =+I14*D14 -> 1933750
A15: 12 | B15: SISTEMA DE LUCES | C15: Revisión y corrección del sistema de reflectores y luces del auditorio. Instalación de un sistema de luces dimerizables que se puedan configurar con un CONTROLADOR DMX OBEY 70 | D15: 1 | E15: =6490000*1.19 -> 7723100 | F15: =+D15*E15 -> 7723100 | G15: 6188000 | H15: =+D15*G15 -> 6188000 | I15: 21023730 | J15: =+I15*D15 -> 21023730
A16: 13 | B16: SISTEMA DE LUCES DEL TECHO | C16: Reparación y cambio de Led´s defectuosos de las luces Led del techo (incluye además alquiler de andamios especiales para su instalación). | D16: 1 | E16: =5800000*1.19 -> 6902000 | F16: =+D16*E16 -> 6902000 | G16: 8568000 | H16: =+D16*G16 -> 8568000 | I16: 3558100 | J16: =+I16*D16 -> 3558100
A17: 14 | B17: UPS 10 KVA TRIFASICA | C17: Reparación y mantenimiento del sistema de UPS NETION 10 KVA por presentar fallas en su funcionamiento. | D17: 1 | E17: =4200000*1.19 -> 4998000 | F17: =+D17*E17 -> 4998000 | G17: 4522000 | H17: =+D17*G17 -> 4522000 | I17: 35477978 | J17: =+I17*D17 -> 35477978
A18: 15 | B18: Cámaras PTZ | C18: Mantenimiento preventivo y reubicación de tres (3) cámaras PTZ | D18: 3 | E18: =983333*1.19 -> 1170166.3 | F18: =+D18*E18 -> 3510498.8 | G18: 773500 | H18: =+D18*G18 -> 2320500 | I18: 665210 | J18: =+I18*D18 -> 1995630
A19: SEDE CENTRO
A20: 1 | B20: VIDEO PROYECTOR EPSON LITE PRO Z11005NL H6 - MARCA EPSON | C20: Cambio de lámpara (incluye suministro, instalación y mantenimiento general desarme, limpieza de partes, verificación de impedancias y resistencias, puntos de soldadura interna en tarjetas electrónicas, verificación de conexionado interno y externo) | D20: 1 | E20: 805630 | F20: =+D20*E20 -> 805630 | G20: 4165000 | H20: =+D20*G20 -> 4165000 | I20: 9538593.8 | J20: =+I20*D20 -> 9538593.8
A21: 2 | B21: VIDEO PROYECTOR EPSON LITE PRO Z11005NL H6 MARCA EPSON. VIDEO PROYECTOR EPSON POWER LITE PRO G6870 – MARCA EPSON. VIDEO PROYECTOR EPSON POWER LITE PRO G6870 – MARCA EPSON | C21: Mantenimiento de Ttres (3) video proyectores (desarme, limpieza de partes, verificación de impedancias y resistencias, puntos de soldadura internas en tarjetas electrónicas, verificación de conexionado interno y externo). | D21: 3 | E21: 511700 | F21: =+D21*E21 -> 1535100 | G21: 595000 | H21: =+D21*G21 -> 1785000 | I21: 3743145 | J21: =+I21*D21 -> 11229435
A22: 3 | B22: ALTAVOZ BI AMPLIFICADOR - MARCA: JBL ALTAVOZ BI-AMPLIFICADOR- MARCA: JBL RETORNO 1KW 90 ACTIVE LOUDSPEAKER – MARCA QSC RETORNO 1KW 90 ACTIVE LOUDSPEAKER – MARCA QSC RETORNO 1KW 90 ACTIVE LOUDSPEAKER – MARCA QSC RETORNO 1KW 90 ACTIVE LOUDSPEAKER – MARCA QSC | C22: Mantenimiento interno general de los seis (6) retornos, desarme, verificación de impedancias, soldaduras y conexiones internas y externas. | D22: 6 | E22: 452200 | F22: =+D22*E22 -> 2713200 | G22: 779450 | H22: =+D22*G22 -> 4676700 | I22: 943670 | J22: =+I22*D22 -> 5662020
A23: 4 | B23: SISTEMA DE POTENCIA JBL-VRX932LAP 12" SISTEMA DE POTENCIA JBL-VRX932LAP 12" SISTEMA DE POTENCIA JBL-VRX932LAP 12" SISTEMA DE POTENCIA JBL- VRX932LAP12" | C23: Mantenimiento interno general de las cuatro (4) torres de sonido, desarme, verificación de impedancias, soldaduras y conexiones internas y externas | D23: 4 | E23: 452200 | F23: =+D23*E23 -> 1808800 | G23: 952000 | H23: =+D23*G23 -> 3808000 | I23: 928200 | J23: =+I23*D23 -> 3712800
A24: 5 | B24: MEZCLADORA DIGITAL QU-32 DE 38 ENTRADAS – MARCA ALLEN & HEATH | C24: Mantenimiento de los componentes internos de la (1) consola de sonido, verificación de impedancias, soldaduras internas, verificación de conexiones internas y externas. (incluye desmonte y armado, lubricación de las partes móviles y verificación de entrada y salida de potencia). | D24: 1 | E24: 690200 | F24: =+D24*E24 -> 690200 | G24: 3451000 | H24: =+D24*G24 -> 3451000 | I24: 1732640 | J24: =+I24*D24 -> 1732640
A25: 6 | B25: CABLES Y CONECTORES DE LAS ENTRADAS Y SALIDAS DE AUDIO Y VIDEO DE TODO EL SISTEMA | C25: Verificación del estado de los cables y conectores de las entradas y salidas de audio y video de todo el sistema. De ser requerido, cambiar conexiones, conectores, cables (marquillados e identificación). | D25: 1 | E25: 1166200 | F25: =+D25*E25 -> 1166200 | G25: 1725500 | H25: =+D25*G25 -> 1725500 | I25: 2552550 | J25: =+I25*D25 -> 2552550
A26: 7 | B26: SISTEMA DE CONTROL DOMÓTICO Y AUTOMATIZACIÓN – MARCA CRESTON | C26: Configuración de software y verificación de las conexiones internas de control de potencia, Modulo de control domótico CRESTRON. Incluye mantenimiento preventivo y correctivo verificación del estado de los sistemas de control de potencia conectados a los diferentes dispositivos, verificación de soldaduras, conexiones, entradas y salidas de potencia y de control (no es necesaria una licencia de software) | D26: 1 | E26: 1011500 | F26: =+D26*E26 -> 1011500 | G26: 2023000 | H26: =+D26*G26 -> 2023000 | I26: 6961500 | J26: =+I26*D26 -> 6961500
C27: SUBTOTAL | F27: =SUM(F20:F26,F4:F18) -> 48923848 | H27: =SUM(H20:H26,H4:H18) -> 63569800 | J27: =SUM(J20:J26,J4:J18) -> 1.2622455e+08

Sheet Precio máximo determinado
A1: ÍTEM | B1: DESCRIPCIÓN TÉCNICA DE LAS PARTES ELÉCTRICAS, ELECTROMECÁNICAS Y AUDIOVISUALES | C1: DESCRIPCIÓN DEL MANTENIMIENTO CORRECTIVO | D1: CANTIDAD | E1: VALOR UNITARIO IMPUESTOS INCLUIDOS | F1: VALOR TOTAL PRESUPUESTO ESTIMADO IMPUESTOS INCLUIDOS
A2: SEDE NACIONAL
A3: 1 | B3: VIDEO PROYECTOR EPSON PRO L1100U - MARCA EPSON | C3: Mantenimiento interno general de circuitos, verificación de soldaduras y lubricación general, cambio de lámpara, de ser necesario, (incluye suministro, instalación y limpieza de partes, verificación de impedancias y resistencias, puntos de soldadura interna en tarjetas electrónicas, verificación de conexión interna y externa) | D3: 1 | E3: 3884755 | F3: =+D3*E3 -> 3884755
A4: 2 | B4: ASCENSOR ELÉCTRICO PARA VIDEO PROYECTOR | C4: Reemplazo de las partes electromecánicas y electrónicas del ascensor de techo (Incluye desmonte y reinstalación, cambio de piezas, lubricación de piezas móviles, verificación de entradas y salidas de control remoto) | D4: 1 | E4: 630700 | F4: =+D4*E4 -> 630700
A5: 3 | B5: TELÓN ELÉCTRICO PARA VIDEOPROYECTOR DE 123 | C5: Mantenimiento preventivo y correctivo, de ser necesario, de partes electromecánicas y electrónicas del módulo de control del telón. (incluye lubricación de partes móviles, verificación de conexiones de entrada y salida de control y de potencia. Mantenimiento general de sus partes internas) | D5: 1 | E5: 416500 | F5: =+D5*E5 -> 416500
A6: 4 | B6: 4x4 HDMI MATRIX SWITCHER ATLONA | C6: Este dispositivo ha venido presentando fallas en su funcionamiento se requiere el suministro de una matriz para transmisión en vivo que controle hasta 4 cámaras PTZ, la referencia puede ser Feelworld L4, RGBlink Mini-Edge o Black Magic ATEM MINI PRO (incluye instalación, configuración, capacitación para el manejo del mismo y garantía). Este elemento es esencial y tiene como fin garantizar el funcionamiento ininterrumpido de las proyecciones y transmisiones en vivo de los eventos que se llevan a cabo en el auditorio. La trasmisión en vivo permite tener cobertura y acercamiento con las poblaciones a nivel nacional e internacional y dar a conocer la gestión y procesos que se desarrollan en las actividades de la Defensoria del pueblo. | D6: 1 | E6: 5209211.9 | F6: =+D6*E6 -> 5209211.9
A7: 5 | B7: CABINAS DE SONIDO QSC LINE ARRAY KLA12 | C7: Mantenimiento general de las cuatro (4) cabinas de sonido. (incluye desarmar, verificar impedancias, soldaduras y conexiones internas y externas y calibración de sonido). | D7: 4 | E7: 535500 | F7: =+D7*E7 -> 2142000
A8: 6 | B8: SUBWOOFER ACTIVO QSC KLA181 | C8: Mantenimiento interno general de los tres (3) subwoofer (Incluye desarmar, verificar impedancias, soldaduras y conexiones internas y externas y calibración de sonido) | D8: 3 | E8: 538475 | F8: =+D8*E8 -> 1615425
A9: 7 | B9: MIXER DIGITAL 32 CANALES PRESONUS STUDIO | C9: Mantenimiento de los componentes internos de la consola de sonido, verificación de impedancias, soldaduras internas, verificación de conexiones internas y externas. (incluye desmonte y armado, lubricación de las partes móviles y verificación de entrada y salida de potencia al igual que la configuración del sonido). | D9: 1 | E9: 1544620 | F9: =+D9*E9 -> 1544620
A10: 8 | B10: RACK PARA EQUIPOS DE SONIDO 19" 12U FRON | C10: Mantenimiento de los componentes internos del RACK de sonido, haciendo una verificación del estado de los cables y conectores de las entradas y salidas de audio, de todo el sistema. De ser requerido, cambiar conexiones, conectores, cables. Realizar verificación de impedancias, soldaduras internas, verificación de conexiones internas y externas. (incluye desmonte y armado, lubricación de las partes móviles y verificación de entrada y salida de potencia al igual que la configuración del sonido). | D10: 1 | E10: 1350650 | F10: =+D10*E10 -> 1350650
A11: 9 | B11: MICROFONO DINAMICO SHURE CARDIOIDE | C11: Mantenimiento preventivo de cuatro (4) micrófonos inalámbricos (Incluye desarmar, verificar impedancias, soldaduras y conexiones internas y externas y calibración de sonido) | D11: 4 | E11: 315350 | F11: =+D11*E11 -> 1261400
A12: 10 | B12: MICROFONO INALAMBRICO DE SOLAPA | C12: Mantenimiento preventivo de cuatro (4) micrófonos inalámbricos de solapa (Incluye desarmar, verificar impedancias, soldaduras y conexiones internas y externas y calibración de sonido) | D12: 4 | E12: 315350 | F12: =+D12*E12 -> 1261400
A13: 11 | B13: CABLES Y CONECTORES DE LAS ENTRADAS Y SALIDAS DE AUDIO Y VIDEO DE TODO EL SISTEMA | C13: Verificación del estado de los cables y conectores de las entradas y salidas de audio y video de todo el sistema. De ser requerido, cambiar conexiones, conectores, cables (marquillados e identificación). | D13: 1 | E13: 1799875 | F13: =+D13*E13 -> 1799875
A14: 12 | B14: SISTEMA DE LUCES | C14: Revisión y corrección del sistema de reflectores y luces del auditorio. Instalación de un sistema de luces dimerizables que se puedan configurar con un CONTROLADOR DMX OBEY 70 | D14: 1 | E14: 6955550 | F14: =+D14*E14 -> 6955550
... A17: 15 | B17: Cámaras PTZ | C17: Mantenimiento preventivo y reubicación de tres (3) cámaras PTZ | D17: 3 | E17: 719355 | F17: =+D17*E17 -> 2158065
A18: SEDE CENTRO
A19: 1 | B19: VIDEO PROYECTOR EPSON LITE PRO Z11005NL H6 - MARCA EPSON | C19: Cambio de lámpara (incluye suministro, instalación y mantenimiento general desarme, limpieza de partes, verificación de impedancias y resistencias, puntos de soldadura interna en tarjetas electrónicas, verificación de conexionado interno y externo) | D19: 1 | E19: 2485315 | F19: =+D19*E19 -> 2485315
A20: 2 | B20: VIDEO PROYECTOR EPSON LITE PRO Z11005NL H6 MARCA EPSON. VIDEO PROYECTOR EPSON POWER LITE PRO G6870 – MARCA EPSON. VIDEO PROYECTOR EPSON POWER LITE PRO G6870 – MARCA EPSON | C20: Mantenimiento de Ttres (3) video proyectores (desarme, limpieza de partes, verificación de impedancias y resistencias, puntos de soldadura internas en tarjetas electrónicas, verificación de conexionado interno y externo). | D20: 3 | E20: 553350 | F20: =+D20*E20 -> 1660050
A21: 3 | B21: ALTAVOZ BI AMPLIFICADOR - MARCA: JBL ALTAVOZ BI-AMPLIFICADOR- MARCA: JBL RETORNO 1KW 90 ACTIVE LOUDSPEAKER – MARCA QSC RETORNO 1KW 90 ACTIVE LOUDSPEAKER – MARCA QSC RETORNO 1KW 90 ACTIVE LOUDSPEAKER – MARCA QSC RETORNO 1KW 90 ACTIVE LOUDSPEAKER – MARCA QSC | C21: Mantenimiento interno general de los seis (6) retornos, desarme, verificación de impedancias, soldaduras y conexiones internas y externas. | D21: 6 | E21: 861560 | F21: =+D21*E21 -> 5169360
A22: 4 | B22: SISTEMA DE POTENCIA JBL-VRX932LAP 12" SISTEMA DE POTENCIA JBL-VRX932LAP 12" SISTEMA DE POTENCIA JBL-VRX932LAP 12" SISTEMA DE POTENCIA JBL- VRX932LAP12" | C22: Mantenimiento interno general de las cuatro (4) torres de sonido, desarme, verificación de impedancias, soldaduras y conexiones internas y externas | D22: 4 | E22: 940100 | F22: =+D22*E22 -> 3760400
A23: 5 | B23: MEZCLADORA DIGITAL QU-32 DE 38 ENTRADAS – MARCA ALLEN & HEATH | C23: Mantenimiento de los componentes internos de la (1) consola de sonido, verificación de impedancias, soldaduras internas, verificación de conexiones internas y externas. (incluye desmonte y armado, lubricación de las partes móviles y verificación de entrada y salida de potencia). | D23: 1 | E23: 1211420 | F23: =+D23*E23 -> 1211420
A24: 6 | B24: CABLES Y CONECTORES DE LAS ENTRADAS Y SALIDAS DE AUDIO Y VIDEO DE TODO EL SISTEMA | C24: Verificación del estado de los cables y conectores de las entradas y salidas de audio y video de todo el sistema. De ser requerido, cambiar conexiones, conectores, cables (marquillados e identificación). | D24: 1 | E24: 1445850 | F24: =+D24*E24 -> 1445850
A25: 7 | B25: SISTEMA DE CONTROL DOMÓTICO Y AUTOMATIZACIÓN – MARCA CRESTON | C25: Configuración de software y verificación de las conexiones internas de control de potencia, Modulo de control domótico CRESTRON. Incluye mantenimiento preventivo y correctivo verificación del estado de los sistemas de control de potencia conectados a los diferentes dispositivos, verificación de soldaduras, conexiones, entradas y salidas de potencia y de control (no es necesaria una licencia de software) | D25: 1 | E25: 1517250 | F25: =+D25*E25 -> 1517250
E26: TOTAL | F26: =SUM(F19:F25,F3:F17) -> 59974797
